 Dungeon Crawl Stone Soup version 0.25-a0-700-g7f8a7979f0 (webtiles) character file.

Game seed: 1519929556553016339, levelgen mode: deterministic

11 Esekla the Skirmisher (level 2, 29/29 HPs)
             Began as a Gnoll Abyssal Knight on Apr 2, 2020.
             Was a Follower of Lugonu.
             Got out of the dungeon alive.
             The game lasted 00:02:27 (335 turns).

Esekla the Skirmisher (Gnoll Abyssal Knight)         Turns: 335, Time: 00:02:27

Health: 29/29      AC:  3    Str: 14    XL:     2   Next: 25%
Magic:  5/5        EV: 12    Int: 14    God:    Lugonu [*.....]
Gold:   25         SH:  0    Dex: 14    Spells: 1/1 levels left

rFire    . . .     SeeInvis .   a - +1 falchion
rCold    . . .     Gourm    .   (no shield)
rNeg     . . .     Faith    .   b - +0 leather armour
rPois    .         Spirit   .   (no helmet)
rElec    .         Reflect  .   (no cloak)
rCorr    .         Harm     .   (no gloves)
MR       .....                  (no boots)
Stlth    +.........             (no amulet)
HPRegen  0.09/turn              (no ring)
MPRegen  0.09/turn              (no ring)

@: no status effects
A: distributed training, fangs 1, strong nose
a: Depart the Abyss, Renounce Religion


You escaped.
You worshipped Lugonu.
Lugonu was aware of your devotion.
You were not hungry.

You visited 1 branch of the dungeon, and saw 1 of its levels.
You visited the Abyss 1 time.

You collected 25 gold pieces.

Inventory:

Hand Weapons
 a - a +1 falchion (weapon)
Armour
 b - a +0 leather armour (worn)
Scrolls
 e - a scroll of magic mapping {unknown}
 h - a scroll of teleportation {unknown}
Potions
 d - a potion of invisibility {unknown}
 f - a potion of haste {unknown}
 g - a potion of stabbing {unknown}
Comestibles
 c - 2 rations


   Skills:
 + Level 6.4 Fighting
 + Level 0.3 Short Blades
 + Level 4.4 Long Blades
 + Level 0.3 Axes
 + Level 0.3 Maces & Flails
 + Level 0.3 Polearms
 + Level 0.3 Staves
 + Level 0.3 Slings
 + Level 0.3 Bows
 + Level 0.3 Crossbows
 + Level 0.3 Throwing
 + Level 4.4 Armour
 + Level 2.4 Dodging
 + Level 0.3 Stealth
 + Level 0.3 Shields
 + Level 0.3 Unarmed Combat
 + Level 0.3 Spellcasting
 + Level 0.2 Conjurations
 + Level 0.2 Hexes
 + Level 0.2 Charms
 + Level 0.2 Summonings
 + Level 0.2 Necromancy
 + Level 0.2 Translocations
 + Level 0.2 Transmutations
 + Level 0.2 Fire Magic
 + Level 0.2 Ice Magic
 + Level 0.2 Air Magic
 + Level 0.2 Earth Magic
 + Level 0.2 Poison Magic
 + Level 4.5 Invocations
 + Level 0.3 Evocations


You had one spell level left.
You didn't know any spells.
Your spell library was empty.

Dungeon Overview and Level Annotations

Branches:
Dungeon (1/15)

Altars:


Innate Abilities, Weirdness & Mutations

Your experience applies equally to all skills.
You have very sharp teeth.
Your uncanny sense of smell can sniff out nearby items.


Message History

You hit the hobgoblin but do no damage. The hobgoblin closely misses you.
You riposte.
You barely miss the hobgoblin. You slash the hobgoblin!
You kill the hobgoblin!
Lugonu accepts your kill.
g - a green potion;
h - a scroll labeled NECONU QAEFAEC
Things that are here:
a +0 club; a hobgoblin corpse A leopard gecko comes into view.
The leopard gecko hisses angrily.
The leopard gecko barely misses you.
You riposte.
You hit the leopard gecko.
You kill the leopard gecko!
Lugonu accepts your kill.
Found 22 stones.
Found 17 gold pieces and 25 bolts.
You now have 25 gold pieces (gained 17).
There is a large open door here.
There is a staircase leading out of the dungeon here.
Are you sure you want to leave the Dungeon?
This will make you lose the game!
You have escaped!

##.....#########.#
.. #.....###.###
#.# #.....##..#>#
#.# #.....#...#≈#
#.# #.###..†..#≈#
#.# #.# ##....#≈#
#.# #..###'##
#####.#####.#....#
........# #.'...@#
####....###.'....#
.# #........#....#
.###........###'##
..............#≈#
........[.....#§#
..............#§#
...........#..#>#
....#############


There were no monsters in sight!

Vanquished Creatures
  A dart slug (D:1)
  A leopard gecko (D:1)
  3 hobgoblins (D:1)
  2 bats (D:1)
  A rat (D:1)
8 creatures vanquished.

Notes
Turn   | Place    | Note
-------+----------+-------------------------------------------
     0 | Abyss:1  | Esekla the Gnoll Abyssal Knight began the quest for the
                  | Orb.
     0 | Abyss:1  | Reached XP level 1. HP: 23/23 MP: 3/3
   114 | Abyss:1  | Noticed an ancient zyme
   123 | Abyss:1  | Noticed an orc sorcerer
   129 | Abyss:1  | Noticed a smoke demon
   140 | D:1      | Escaped the Abyss
   208 | D:1      | Reached XP level 2. HP: 23/29 MP: 5/5
   335 | D:$      | Got out of the dungeon alive.

Levels and vault maps discovered:
D:1:      sevenhm_arrival_forest_fort_small_6, layout_basic

Action                   || total
-------------------------++-------
Melee: Falchion          ||    14
       Bite              ||     2
Armor: Leather armour    ||     8
Dodge: Dodged            ||    16
       Rpst.: Falchion   ||     7

Table legend:
 A = Non-vault XP
 B = Vault XP
 C = Vault XP percentage of total XP
 D = Non-vault monster count
 E = Vault monster count
 F = Vault count percentage of total count
                 A         B        C        D         E       F
            +---------+---------+-------+---------+---------+-------
      Total |      16 |       0 |   0.0 |       8 |       0 |   0.0
            +---------+---------+-------+---------+---------+-------
        D:1 |      16 |       0 |   0.0 |       8 |       0 |   0.0
            +---------+---------+-------+---------+---------+-------
